 Dungeon Crawl Stone Soup version 0.19.5 (webtiles) character file.

227 RUZZLEFAZAZZLE the Cleaver (level 6, -13/51 HPs)
             Began as a Hill Orc Fighter on Apr 17, 2017.
             Mangled by Pikel
             ... wielding a +0 whip of electrocution
              (17 damage)
             ... on level 3 of the Dungeon.
             The game lasted 00:08:43 (2647 turns).

RUZZLEFAZAZZLE the Cleaver (Hill Orc Fighter)       Turns: 2647, Time: 00:08:47

Health: -13/51     AC: 10    Str: 25    XL:     6   Next: 2%
Magic:  6/6        EV:  3    Int:  8    God:
Gold:   122        SH: 14    Dex: 11    Spells: 0 memorised, 5 levels left

rFire  . . .     SeeInvis .     a - +0 war axe
rCold  . . .     Gourm    .     s - +0 chain mail
rNeg   . . .     Faith    .     e - +0 large shield
rPois  .         Spirit   .     (no helmet)
rElec  .         Reflect  .     (no cloak)
rCorr  .         Harm     .     (no gloves)
MR     .....                    k - +0 pair of boots
Stlth  ..........               (no amulet)
                                (no ring)
                                (no ring)

@: mighty
A: no striking features
a: no special abilities


You were on level 3 of the Dungeon.
You were not hungry.

You visited 1 branch of the dungeon, and saw 4 of its levels.

You collected 122 gold pieces.

Inventory:

Hand Weapons
 a - a +0 war axe (weapon)
Armour
 e - a +0 large shield (worn)
 k - a +0 pair of boots (worn)
 s - a +0 chain mail (worn)
Wands
 o - a wand of iceblast (4/15)
Scrolls
 g - 4 scrolls of identify
 h - a scroll of fear {unknown}
 i - 2 scrolls of remove curse
 l - a scroll of teleportation
Potions
 b - a potion of agility
 c - a potion of magic
 j - a potion of curing
 q - a potion of degeneration {unknown}
Comestibles
 f - 3 bread rations
 m - a beef jerky
 n - 4 slices of pizza
 r - 3 meat rations


   Skills:
 - Level 3.6 Fighting
 + Level 8.0 Axes
 - Level 3.2 Armour
 - Level 3.2 Shields


You had 5 spell levels left.
You didn't know any spells.

Dungeon Overview and Level Annotations

Branches:
Dungeon (4/15)
 Temple: D:4-7

Altars:
The Shining One

Annotations:
D:3 Pikel


Message History

You block Pikel's attack.
You miss Pikel.
Your shield and chain mail prevent you from hitting the slave.
You block the slave's attack.
Pikel hits you with a whip of electrocution.
* * * LOW HITPOINT WARNING * * *
You miss Pikel.
Your shield prevents you from hitting the slave.
You block the slave's attack.
Pikel hits you with a whip of electrocution.
* * * LOW HITPOINT WARNING * * *
The slave hits you.
* * * LOW HITPOINT WARNING * * *
Your shield prevents you from hitting Pikel.
You hit the slave. Pikel hits you but does no damage.
You block the slave's attack.
Pikel hits you with a whip of electrocution.
* * * LOW HITPOINT WARNING * * *
You are electrocuted!
You die...

....##......####.#...#
....##.#.#### #.#.#.#
.......#.# #.#.#.####
.#.#.###.#######.#.#....#
.#.#.# #.#.......#.######
...#.# #.#.#####.#)#
##.#.# #.#.# #.....#
.....# #.#.# #####.#
.....# #)#.####K@p.#
###.####.#......####
#......######.# ########
#.# ###


You could see Pikel and a slave.

Vanquished Creatures
  3 worker ants (D:4)
  Robin (D:4)
  7 adders
  A worm (D:3)
  A dart slug (D:3)
  3 leopard geckos
  6 bats
  6 giant cockroaches
  9 hobgoblins
  3 jackals (D:1)
  A ball python (D:1)
  6 frilled lizards
  17 goblins
  6 kobolds
  8 rats
78 creatures vanquished.

Notes
Turn   | Place    | Note
-------+----------+-------------------------------------------
     0 | D:1      | RUZZLEFAZAZZLE the Hill Orc Fighter began the quest for the Orb.
     0 | D:1      | Reached XP level 1. HP: 19/19 MP: 1/1
    99 | D:1      | Reached skill level 3 in Axes
   336 | D:1      | Reached XP level 2. HP: 23/26 MP: 2/2
   418 | D:1      | Reached skill level 4 in Axes
   831 | D:2      | Reached XP level 3. HP: 31/31 MP: 3/3
   868 | D:2      | Reached skill level 5 in Axes
  1057 | D:2      | Reached XP level 4. HP: 39/39 MP: 4/4
  1059 | D:2      | Found a glowing golden altar of the Shining One.
  1829 | D:3      | Reached skill level 6 in Axes
  1835 | D:3      | Found a faded altar of an unknown god.
  2020 | D:3      | Reached XP level 5. HP: 41/45 MP: 5/5
  2350 | D:4      | Reached skill level 7 in Axes
  2379 | D:4      | Noticed Robin
  2396 | D:4      | Killed Robin
  2516 | D:4      | Reached skill level 8 in Axes
  2516 | D:4      | Reached XP level 6. HP: 38/51 MP: 6/6
  2520 | D:4      | Noticed a slave
  2521 | D:4      | Noticed Pikel
  2521 | D:4      | Noticed a slave
  2521 | D:4      | Noticed a slave
  2522 | D:4      | Noticed a slave
  2647 | D:3      | Mangled by Pikel

Skill      XL: |  1  2  3  4  5 |
---------------+----------------+-----
Axes           | 3 4 5 6 8 |  8.0
Fighting       | |  3.6
Armour         | |  3.2
Shields        | |  3.2

Action                   |  1- 3 |  4- 6 || total
-------------------------+-------+-------++-------
Melee: War axe           |    96 |   154 ||   250
  Use: Scroll            |     1 |     4 ||     5
       Potion            |       |     5 ||     5
  Eat: Chunk             |     1 |     5 ||     6
Armor: Scale mail        |    53 |    38 ||    91
       Chain mail        |       |    35 ||    35
Dodge: Dodged            |    14 |    23 ||    37
Block: Large shield      |    70 |   132 ||   202
